 Dungeon Crawl Stone Soup version 0.30.1-1-g62c8e00024 (webtiles) character file.

Game seed: 4899864336640671276

85 Gorgoleon the Slasher (level 4, -1/35 HPs)
             Began as a Human Fighter on July 17, 2023.
             Killed by divine providence
             ... invoked by an orc priest
              (10 damage)
             ... on level 3 of the Dungeon.
             The game lasted 00:05:07 (1392 turns).

Gorgoleon the Slasher (Human Fighter)               Turns: 1392, Time: 00:05:09

Health: -1/35      AC:  6    Str: 16    XL:     4   Next: 75%
Magic:  0/4        EV:  9    Int:  9    God:
Gold:   57         SH:  5    Dex: 14    Spells: 3/3 levels left

rFire   . . .        a - +0 long sword
rCold   . . .        c - +0 buckler
rNeg    . . .        b - +0 scale mail
rPois   .            (no helmet)
rElec   .            (no cloak)
rCorr   .            (no gloves)
SInv    .            (no boots)
Will    .....        g - amulet of guardian spirit Stlth
                     (no ring)
HPRegen 0.25/turn    (no ring)
MPRegen 0.09/turn

%: guardian spirit
@: no status effects
A: no striking features
a: no special abilities


You were on level 3 of the Dungeon.
You visited 1 branch of the dungeon, and saw 3 of its levels.

You collected 57 gold pieces.

Inventory:

Hand Weapons
 a - a +0 long sword (weapon)
Missiles
 m - 3 poisoned darts (quivered)
Armour
 b - a +0 scale mail (worn)
 c - a +0 buckler (worn)
Jewellery
 g - an amulet of guardian spirit (around neck)
 i - a ring of magical power
 l - a ring of positive energy
Scrolls
 e - a scroll of enchant armour {unknown}
 j - 4 scrolls of identify {unknown}
 k - a scroll of amnesia {unknown}
Potions
 d - a potion of might
 f - a potion of cancellation {unknown}
 h - a potion of brilliance {unknown}


   Skills:
 - Level 3.0 Fighting
 + Level 4.0 Long Blades
 - Level 3.0 Armour
 - Level 2.0 Dodging
 - Level 3.0 Shields


You had 3 spell levels left.
You didn't know any spells.
Your spell library contained the following spells:

 Spells                   Type           Power      Damage    Failure   Level
 Cigotuvi's Dreadful Rot  Necr/Pois/Air  0%         N/A       96%         2
 Dispel Undead            Necr           0%         3d6       100%        4
 Death Channel            Necr           0%         N/A       100%        6


Dungeon Overview and Level Annotations

Branches:
Dungeon (3/15)

Altars:

Shops:
D:1 :


Message History

There is a stone staircase leading down here.
You climb downwards.
The orc priest shouts!
You hear a shout! x2
An orc comes into view. It is wielding a +0 whip.
Found a cloak.
There is a stone staircase leading up here.
An orc priest comes into view. It is wielding a +0 club.
The orc priest shouts!
The orc priest mumbles some strange prayers to Beogh against you.
Beogh smites you!
An orc comes into view. It is wielding a +0 whip.
You slash the orc priest!
The orc priest is severely wounded.
You block the orc priest's attack.
You closely miss the orc priest.
The orc priest is severely wounded.
An orc comes into view. It is wielding a +0 club.
You hit the orc.
The orc is heavily wounded.
A ball python comes into view.
You block the orc's attack.
The ball python hisses angrily.
You hit the orc.
You kill the orc!
Your Long Blades skill increases to level 4!
You hit the orc priest but do no damage.
The orc priest is severely wounded.
You block the orc priest's attack.
You hit the orc priest.
The orc priest is almost dead.
The orc priest mumbles some strange prayers to Beogh against you.
Pain shoots through your body!
You closely miss the orc priest.
The orc priest is almost dead.
The orc priest invokes the aid of Beogh against you.
Pain shoots through your body!
* * * LOW HITPOINT WARNING * * *
The orc priest calls down the wrath of Beogh upon you.
Beogh smites you!
You die...

#. .#
#. .#
#. S#
#. o#
#. o#
#. o#
#.#o#
#.@#
#[##
#.#
##


You could see 2 orc priests, 2 orcs and a ball python.

Vanquished Creatures
  Jessica (D:2)
  3 adders
  2 worms (D:2)
  An orc (D:3)
  2 endoplasms
  A giant cockroach (D:1)
  A goblin (D:1)
  2 hobgoblins (D:1)
  A quokka (D:1)
  2 ball pythons (D:1)
  4 bats
  4 frilled lizards
  2 kobolds
  3 rats
29 creatures vanquished.

Notes
Turn   | Place    | Note
-------+----------+-------------------------------------------
     0 | D:1      | Gorgoleon the Human Fighter began the quest for the Orb.
     0 | D:1      | Reached XP level 1. HP: 18/18 MP: 1/1
    33 | D:1      | Reached skill level 1 in Dodging
    57 | D:1      | Reached XP level 2. HP: 24/24 MP: 2/2
   363 | D:1      | Found Wysat's Book Shop.
   806 | D:2      | Reached XP level 3. HP: 28/29 MP: 3/3
   854 | D:2      | Noticed Jessica
   871 | D:2      | Killed Jessica
   872 | D:2      | Reached skill level 3 in Long Blades
   872 | D:2      | Reached XP level 4. HP: 28/35 MP: 2/4
  1390 | D:3      | Reached skill level 4 in Long Blades
  1392 | D:3      | Killed from afar by an orc priest

Illustrated notes

Levels and vault maps discovered:
D:1:      dpeg_arrival_arbitrary_c, layout_basic, serial_shops,
          nicolae_shop_real_fake_doors
D:2:      layout_basic, uniq_jessica
D:3:      layout_loops_ring, gammafunk_ghost_nasty_kobolds

Skill      XL: |  1  2  3  4 |
---------------+-------------+-----
Dodging        | 1 2 |  2.0
Long Blades    | 3 4 |  4.0
Fighting       | |  3.0
Armour         | |  3.0
Shields        | |  3.0

Action                     |  1- 3 |  4- 6 || total
---------------------------+-------+-------++-------
  Melee: Long sword        |    79 |    28 ||   107
 Armour: Scale mail        |    42 |     9 ||    51
  Dodge: Dodged            |    42 |     8 ||    50
  Block: Buckler           |    21 |     9 ||    30
